 Dungeon Crawl Stone Soup version 0.29-a0-82-g837932c90e (webtiles) character file.

Game seed: 15347787890017098867

422 lordive the Chiller (level 6, -1/52 HPs)
             Began as a Naga Ice Elementalist on Feb 4, 2022.
             Was an Initiate of Cheibriados.
             Shot with an arrow by a centaur (6 damage)
             ... on level 5 of the Dungeon.
             The game lasted 00:07:51 (4811 turns).

lordive the Chiller (Naga Ice Elementalist)         Turns: 4811, Time: 00:07:51

Health: -1/52      AC: 11    Str: 11    XL:     6   Next: 95%
Magic:  6/11       EV: 10    Int: 18    God:    Cheibriados [......]
Gold:   191        SH:  0    Dex: 13    Spells: 1/12 levels left

rFire   . . .      SeeInvis +   e - +2 whip (venom)
rCold   . . .      Faith    .   (no shield)
rNeg    . . .      Spirit   .   a - +0 robe
rPois   +          Reflect  .   (no helmet)
rElec   .          Harm     .   t - +0 cloak
rCorr   .          Rampage  .   i - +0 pair of gloves
Will    .....                   (no barding)
Stlth   ++........              (no amulet)
HPRegen 0.17/turn               (no ring)
MPRegen 0.12/turn               (no ring)

@: ice-armoured, invisible, very slow
A: AC +2, large, see invisible, deformed body, poison resistance, slowness 2,
spit poison 1, naga tail 1
a: Spit Poison, Renounce Religion


You were on level 5 of the Dungeon.
You worshipped Cheibriados.
Cheibriados was noncommittal.
You visited 2 branches of the dungeon, and saw 6 of its levels.

You collected 191 gold pieces.

Inventory:

Hand Weapons
 e - a +2 whip of venom (weapon)
Armour
 a - a +0 robe (worn)
 i - a +0 pair of gloves (worn)
 l - a +0 buckler
 q - a +3 ring mail
 t - a +0 cloak (worn)
Jewellery
 u - an amulet of reflection
Wands
 m - a wand of iceblast (6)
 w - a wand of paralysis (11)
 y - a wand of digging (3)
 z - a wand of acid (7)
Scrolls
 c - a scroll of fear {unknown}
 d - 5 scrolls of teleportation {unknown}
 h - 2 scrolls of blinking {unknown}
 j - 2 scrolls of enchant weapon {unknown}
 k - 4 scrolls of identify {unknown}
 o - a scroll of vulnerability {unknown}
 B - 2 scrolls of holy word {unknown}
Potions
 b - 2 potions of curing {unknown}
 f - a potion of brilliance {unknown}
 g - 2 potions of flight {unknown}
 n - a potion of ambrosia {unknown}
 p - a potion of cancellation {unknown}
 r - 2 potions of mutation {unknown}
 v - a potion of heal wounds {unknown}
 x - a potion of haste {unknown}
 A - a potion of resistance {unknown}
 C - a potion of invisibility


   Skills:
 * Level 2.0 Fighting
 + Level 0.8 Maces & Flails
 * Level 1.1 Armour
 * Level 2.3 Dodging
 + Level 4.0 Stealth
 * Level 1.2 Shields
 + Level 3.5 Spellcasting
 * Level 1.2 Conjurations
 * Level 0.2 Necromancy
 + Level 5.1 Ice Magic
 * Level 0.6 Invocations


You had one spell level left.
You knew the following spells:

 Your Spells              Type           Power      Damage    Failure   Level
a - Freeze                Ice            84%        1d10      1%          1
b - Frozen Ramparts       Ice            42%        1d6       5%          3
c - Ozocubu's Armour      Ice            21%        N/A       5%          3
d - Hailstorm             Conj/Ice       14%        3d5       38%         4

Your spell library contained the following spells:

 Spells                   Type           Power      Damage    Failure   Level
 Animate Skeleton         Necr           8%         N/A       14%         1
 Pain                     Necr           16%        1d4       14%         1
 Vampiric Draining        Necr           4%         2d6       38%         3


Dungeon Overview and Level Annotations

Branches:
Dungeon (5/15)             Temple (1/1) D:4

Altars:
Ashenzari
Cheibriados
Dithmenos
Elyvilon
Kikubaaqudgha
Ru
Sif Muna
Trog
Uskayaw
Vehumet
Wu Jian
Xom
Yredelemnul
The Shining One


Innate Abilities, Weirdness & Mutations

Your serpentine skin is tough. (AC +2)
You have supernaturally acute eyesight. (SInv)
Armour fits poorly on your strangely shaped body.
Your system is resistant to poisons. (rPois)
You cover ground very slowly.
You can spit poison.
You have a snake-like lower body.


Message History

The arrow closely misses you.
The centaur shoots an arrow.
The arrow barely misses you.
A centaur is nearby!
A centaur is nearby!
A centaur is nearby!
Casting: Ozocubu's Armour (dangerous; 5% risk of failure)
Confirm with . or Enter, or press ? or * to list all spells.
A film of ice covers your body!
The centaur shoots an arrow.
The arrow hits you.
The centaur shoots an arrow.
The arrow hits you but does no damage.
The centaur shoots an arrow.
The arrow misses you.
The centaur shoots an arrow.
The arrow barely misses you.
The centaur shoots an arrow.
The arrow hits you!
The centaur shoots an arrow.
The arrow completely misses you.
The centaur shoots an arrow.
The arrow hits you.
The centaur shoots an arrow.
The arrow hits you.
Your icy armour will break if you move.
Continue? [Y]es or [N]o only, please.
Your icy armour will break if you move.
Continue?
Okay, then.
Your icy armour will break if you move.
Continue?
Your icy armour cracks and falls away as you move.
The centaur shoots an arrow.
The arrow hits you.
The centaur shoots an arrow.
The arrow hits you!
The centaur shoots an arrow.
The arrow hits you!
* * * LOW HITPOINT WARNING * * *
Casting: Ozocubu's Armour (dangerous; 5% risk of failure)
Confirm with . or Enter, or press ? or * to list all spells.
A film of ice covers your body!
The centaur shoots an arrow.
The arrow hits you!
* * * LOW HITPOINT WARNING * * *
Unknown command.
Casting: Ozocubu's Armour (dangerous; 5% risk of failure)
Confirm with . or Enter, or press ? or * to list all spells.
Casting: Frozen Ramparts (dangerous; 5% risk of failure)
Press: ? - help, Dir - look around, f - activate
Okay, then.
You fade into invisibility!
The centaur shoots an arrow.
The arrow hits you.
You die...

.##.... .c .# ........#. $#
.##### ........#. .# .
......###..........##.###.#
.# ##.))<.##.... ..........
...#...รท)........ .......#
......).##......# #......#
.......###..##..###..#
........###.###.@#..##
.............##....c##..#
.......#..................
.......##..##.........##..
..........####..._...##
.(.#####...##.........# ###
#................
#.....##.....##...
####.###..#..# #..


You could see a centaur.

Vanquished Creatures
  An acid dragon (D:4)
  A centaur zombie (D:5)
  A hound (D:2)
  2 orc priests (D:5)
  Crazy Yiuf (D:2)
  An orc wizard (D:4)
  A howler monkey skeleton (D:5)
  4 adders
  A shadow imp (D:4)
  A worm (D:2)
  A dart slug (D:1)
  6 orcs
  A bat (D:3)
  9 endoplasms
  3 giant cockroaches (D:1)
  7 hobgoblins
  9 kobolds
  A quokka (D:2)
  3 ball pythons
  16 goblins
  5 rats
75 creatures vanquished.

Notes
Turn   | Place    | Note
-------+----------+-------------------------------------------
     0 | D:1      | lordive the Naga Ice Elementalist began the quest for the
                  | Orb.
     0 | D:1      | Reached XP level 1. HP: 15/15 MP: 3/3
   163 | D:1      | Reached XP level 2. HP: 19/22 MP: 0/5
   802 | D:1      | Found a faded altar of an unknown god.
   828 | D:1      | Reached XP level 3. HP: 28/28 MP: 3/6
  1094 | D:2      | Learned a level 3 spell: Frozen Ramparts
  1098 | D:2      | Learned a level 3 spell: Ozocubu's Armour
  1113 | D:2      | Found a hide-covered altar of Uskayaw.
  1359 | D:2      | Reached XP level 4. HP: 21/36 MP: 1/8
  1647 | D:2      | Found a runed translucent door.
  1648 | D:2      | Noticed Crazy Yiuf
  2027 | D:2      | Killed Crazy Yiuf
  2028 | D:2      | Reached XP level 5. HP: 21/43 MP: 0/9
  3043 | D:4      | Noticed an acid dragon
  3059 | D:3      | HP: 2/43 [orc (4)]
  3358 | D:4      | Killed an acid dragon
  3359 | D:4      | Reached skill level 1 in Fighting
  3359 | D:4      | Reached skill level 1 in Shields
  3359 | D:4      | Reached skill level 1 in Conjurations
  3359 | D:4      | Reached skill level 5 in Ice Magic
  3359 | D:4      | Reached XP level 6. HP: 51/51 MP: 0/11
  3494 | D:4      | Reached skill level 1 in Armour
  3754 | D:4      | Found a staircase to the Ecumenical Temple.
  3788 | Temple   | Entered the Ecumenical Temple
  3924 | Temple   | Became a worshipper of Cheibriados the Contemplative
  4075 | D:4      | Learned a level 4 spell: Hailstorm
  4181 | D:4      | Found an ornate altar of the Wu Jian Council.
  4222 | D:5      | Entered Level 5 of the Dungeon
  4759 | D:5      | Found a shadowy altar of Dithmenos.
  4811 | D:5      | Shot with an arrow by a centaur

Illustrated notes

Levels and vault maps discovered:
D:1:      dpeg_arrival_three_same_balls, layout_basic,
          chequers_ecumenical_altar_island
D:2:      kennysheep_the_goblin_king, layout_rooms, basic_altar,
          uniq_crazy_yiuf_cottage
D:3:      layout_loops_ring, serial_aquarium, aquarium_bridge_island_small
          [aquarium_subvault_small_open, aquarium_subvault_window,
          aquarium_subvault_balcony, aquarium_subvault_bridge,
          aquarium_subvault_bridge], aquarium_window_corner, aquarium_window_2,
          aquarium_view_2a, aquarium_view_2d, aquarium_balcony_double_1,
          aquarium_pool_2, minmay_vboxes
D:4:      layout_rooms, pdpol_wu_jian_five_deadly_venoms,
          minmay_temple_entry_sparse_star
D:5:      layout_rooms, kennysheep_mini_moat, overflow_temple_1_default,
          nicolae_dithmenos_shadow_blocks, nemelex_dance_club_becter,
          grunt_ministairs_13, small_statue_alley_b, minmay_misc_feat_roman,
          uniq_blork_the_orc
Temple:   jpeg_temple_clearing

Skill      XL: |  1  2  3  4  5  6 |
---------------+-------------------+-----
Spellcasting   | 3 |  3.5
Fighting       | 1 2 |  2.0
Dodging        | 2 |  2.3
Stealth        | 4 |  4.0
Shields        | 1 |  1.2
Conjurations   | 1 |  1.2
Ice Magic      | 5 |  5.1
Armour         | 1 |  1.1
Maces & Flails | |  0.8
Necromancy     | |  0.2
Invocations    | |  0.6

Action                   |  1- 3 |  4- 6 || total
-------------------------+-------+-------++-------
Melee: Whip              |     3 |    30 ||    33
       Short sword       |       |     2 ||     2
       Punch             |       |     1 ||     1
 Cast: Freeze            |    27 |    20 ||    47
       Frozen Ramparts   |     2 |     9 ||    11
       Ozocubu's Armour  |       |     7 ||     7
 Abil: Spit Poison       |    23 |    21 ||    44
  Use: Potion            |       |     1 ||     1
Armor: Robe              |     3 |    51 ||    54
Dodge: Dodged            |    11 |    66 ||    77

Table legend: (Time is in decaauts)
 A = Elapsed time spent in this place.
 B = Non-inter-level travel time spent in this place.
 C = Inter-level travel time spent in this place.
 D = Time resting spent in this place.
 E = Time spent auto-exploring this place.
 F = Levels seen in this place.
 G = Mean time per level.
                   A        B        C        D        E       F      G
               +--------+--------+--------+--------+--------+-----+--------+
         Total |   5889 |   5692 |    197 |    777 |   4182 |   6 |  981.5 |
       Dungeon |   5679 |   5508 |    171 |    777 |   4020 |   5 | 1135.8 |
        Temple |    210 |    185 |     25 |      0 |    162 |   1 |  210.0 |
               +--------+--------+--------+--------+--------+-----+--------+

Top non-repeatable levels by time:
     D:2: 1410 daAuts
     D:3: 1371 daAuts
     D:4: 1290 daAuts
     D:1: 1286 daAuts
     D:5: 320 daAuts
  Temple: 210 daAuts
